 Dungeon Crawl Stone Soup version 0.16.1-14-g82efdee (webtiles) character file.

4336 karlm the Arsonist (level 10, 0/75 HPs)
             Began as a Naga Wizard on Apr 11, 2015.
             Was a Follower of Vehumet.
             Slain by an orc warrior
             ... wielding a +0 long sword
              (8 damage)
             ... on level 9 of the Dungeon.
             The game lasted 00:38:35 (16267 turns).

karlm the Arsonist (Naga Wizard)                   Turns: 16267, Time: 00:38:35

Health: 0/75       AC:  7    Str:  9    XL:     10   Next: 33%
Magic:  13/18      EV: 10    Int: 21    God:    Vehumet [*.....]
Gold:   381        SH:  0    Dex: 11    Spells: 7 memorised, 0 levels left

rFire  . . .     SeeInvis +     P - +4 long sword
rCold  . . .     Clarity  .     Q - +0 robe {rN+}
rNeg   + . .     SustAb   .     (no shield)
rPois  +         Gourm    .     b - +0 hat
rElec  .         Spirit   .     l - +1 cloak
rCorr  .         Warding  .     m - +0 pair of gloves
rMut   .         Stasis   .     (no barding)
MR     +....                    R - amulet of faith
Stlth  ++........               (no ring)
                                (no ring)

@: very slightly contaminated, very slow, somewhat resistant to hostile
enchantments, unstealthy
A: spit poison, see invisible, deformed body, poison resistance, slowness 2, AC
+3
a: Spit Poison, Renounce Religion


You were on level 9 of the Dungeon.
You worshipped Vehumet.
Vehumet was aware of your devotion.
You were not hungry.

You visited 2 branches of the dungeon, and saw 10 of its levels.

You collected 381 gold pieces.

Inventory:

Hand weapons
 s - a +0 spear
 u - a +2 dagger of venom
 P - a +4 long sword (weapon)
Missiles
 f - 246 stones (quivered)
 g - 14 tomahawks
Armour
 b - a +0 hat (worn)
 l - a +1 cloak (worn)
 m - a +0 pair of gloves (worn)
 C - the +2 leather armour of Untruth {rC+}
   (You found it on level 4 of the Dungeon)

   It protects you from cold.
 Q - a +0 robe of positive energy (worn)
 V - a cursed +0 buckler
Jewellery
 w - an uncursed ring of ice
 E - an uncursed amulet of stasis
 R - an amulet of faith (around neck)
 S - an uncursed amulet of regeneration
 Y - an uncursed amulet of resist mutation
Magical devices
 H - a wand of digging (6)
 J - a wand of random effects (20)
 L - a wand of cold (5)
 M - a wand of paralysis (9)
 T - a wand of frost (28)
 W - a wand of digging (9)
Scrolls
 i - a scroll of enchant weapon
 j - 5 scrolls of magic mapping
 k - a scroll of amnesia
Potions
 n - 2 potions of resistance
 r - 2 potions of flight
 t - 5 potions of curing
Books
 c - a book of Minor Magic

   Spells                             Type                      Level
   a - Magic Dart                     Conjuration                  1
   b - Blink                          Translocation                2
   c - Call Imp                       Summoning                    2
   d - Repel Missiles                 Charms/Air                   2
   e - Slow                           Hexes                        2
   f - Conjure Flame                  Conjuration/Fire             3
   g - Mephitic Cloud                 Conjuration/Poison/Air       3
 e - a book of Transfigurations

   Spells                             Type                      Level
   a - Stoneskin                      Transmutation/Earth          2
   b - Irradiate                      Conjuration/Transmutation    5
   c - Statue Form                    Transmutation/Earth          6
   d - Hydra Form                     Transmutation                6
   e - Dragon Form                    Transmutation                7
 A - a Young Poisoner's Handbook

   Spells                             Type                      Level
   a - Sting                          Conjuration/Poison           1
   b - Cure Poison                    Poison                       2
   c - Mephitic Cloud                 Conjuration/Poison/Air       3
   d - Olgreb's Toxic Radiance        Poison                       4
   e - Venom Bolt                     Conjuration/Poison           5
 X - a book of Party Tricks

   Spells                             Type                      Level
   a - Summon Butterflies             Summoning                    1
   b - Apportation                    Translocation                1
   c - Tukima's Dance                 Hexes                        3
   d - Alistair's Intoxication        Transmutation/Poison         4
   e - Invisibility                   Hexes                        6
Comestibles
 a - 4 chunks of flesh
 d - 4 bread rations
 x - 3 slices of pizza
 z - 4 fruits
 I - 2 beef jerkies
 K - 3 meat rations


   Skills:
 - Level 1.5 Dodging
 - Level 3.0 Stealth
 - Level 3.0 Spellcasting
 + Level 8.9 Conjurations
 - Level 1.0 Summonings
 - Level 1.0 Translocations
 * Level 11.6 Fire Magic


You couldn't memorise any spells.
You knew the following spells:

 Your Spells              Type           Power        Failure   Level  Hunger
a - Magic Dart            Conj           ####         1%          1    None
b - Throw Flame           Conj/Fire      #####.       1%          2    ##.....
c - Conjure Flame         Conj/Fire      #####...     1%          3    ###....
d - Mephitic Cloud        Conj/Pois/Air  ###.....     14%         3    ###....
e - Blink                 Tloc           N/A          14%         2    ##.....
f - Repel Missiles        Chrm/Air       #.....       21%         2    ##.....
g - Call Imp              Summ           #.......     14%         2    ##.....


Dungeon Overview and Level Annotations

Branches:
Dungeon (9/15)             Temple (1/1) D:6
   Lair: D:8-11         Orc: D:9-12

Altars:
Ashenzari
Cheibriados
Dithmenos
Elyvilon
Fedhas
Gozag
Kikubaaqudgha
Makhleb
Nemelex Xobeh
Okawaru
Qazlal
Ru
Sif Muna
Vehumet
Xom
Yredelemnul
Zin
The Shining One


Innate Abilities, Weirdness & Mutations

You cannot wear boots.
You can spit poison.
Your serpentine skin is tough (AC +3).
You have supernaturally acute eyesight.
Armour fits poorly on your strangely shaped body.
Your system is resistant to poisons.
You cover ground very slowly.


Message History

The orc wizard points at you and mumbles some strange words.
The puff of frost hits you!
* * * LOW HITPOINT WARNING * * *
You closely miss the orc warrior.
The orc warrior is almost dead.
The orc hits you but does no damage. The orc warrior closely misses you.
Your crimson imp barely misses the orc warrior.
The orc barely misses you. The orc wizard hits you with a dagger.
* * * LOW HITPOINT WARNING * * *
Drink which item? (? for menu, Esc to quit)
You feel better. The orc warrior closely misses you.
Your crimson imp blinks!
The orc wizard points at you and mumbles some strange words.
The puff of flame hits you!
* * * LOW HITPOINT WARNING * * *
The orc barely misses you.
You barely miss the orc wizard.
The orc wizard hits you but does no damage.
The orc warrior hits you with a long sword!
You die...

#####
#####...#####
####.....#.....#
.Z........#.....#
..##..†#..#..#..#
..##......#.....##
..##..........)o.#
..##.####.#§####@#
..##.#......5..oo#
..##.#....#...§.##
.....#.#..#..#.##
.....## ..#....#
.)###.# ########
..# #.# #.# ..#
#.# #.### ..#
#.###...#


You could see an orc warrior, an orc wizard, an orc and a friendly crimson imp.

Vanquished Creatures
  A wyvern (D:8)
  2 phantoms
  3 water moccasins
  An orc warrior (D:8)
  4 ogres
  2 necrophages
  3 ice beasts
  2 sky beasts
  A crocodile (D:8)
  8 giant frogs
  A scorpion (D:8)
  3 killer bees (D:7)
  5 jellies
  4 crimson imps
  5 hounds
  An orc priest (D:3)
  A giant frog zombie (D:7)
  2 goliath beetles
  2 giant frog skeletons
  2 iguanas
  2 centaur skeletons
  4 orc wizards
  9 worker ants
  Ijyb (D:6)
  A mummy (D:8)
  A worker ant zombie (D:5)
  9 adders
  2 gnolls (D:2)
  4 shadow imps
  A giant mite (D:7)
  4 worms
  6 giant geckos
  32 orcs
  A giant cockroach (D:7)
  8 goblins
  8 hobgoblins
  9 jackals
  7 quokkas
  10 bats
  A giant gecko skeleton (D:9)
  A giant gecko zombie (D:5)
  6 giant newts
  12 kobolds
  A quokka skeleton (D:4)
  A quokka zombie (D:6)
  19 rats
  A ballistomycete (D:8)
214 creatures vanquished.

Vanquished Creatures (collateral kills)
  A hippogriff (D:7)
  An ice beast (D:7)
  2 phantoms (D:5)
  A big kobold (D:7)
  A scorpion (D:7)
  A wyvern skeleton (D:8)
  A jelly (D:7)
  A killer bee (D:7)
  A crimson imp (D:7)
  A hound (D:4)
  An orc priest (D:7)
  A gnoll (D:3)
  A giant cockroach (D:3)
  A jackal (D:5)
15 creatures vanquished.

Vanquished Creatures (others)
  5 crimson imps
  A hound (D:8)
  2 iron imps
  5 white imps
  3 giant spores (D:8)
  3 ballistomycetes (D:8)
19 creatures vanquished.

Grand Total: 248 creatures vanquished

Notes
Turn   | Place    | Note
--------------------------------------------------------------
     0 | D:1      | karlm, the Naga Wizard, began the quest for the Orb.
     0 | D:1      | Reached XP level 1. HP: 15/15 MP: 4/4
   171 | D:1      | Reached XP level 2. HP: 22/22 MP: 6/6
   175 | D:1      | Learned a level 2 spell: Call Imp
  1139 | D:2      | Reached XP level 3. HP: 17/28 MP: 5/7
  1144 | D:2      | Learned a level 3 spell: Conjure Flame
  1452 | D:2      | Found a shattered altar of Ashenzari.
  1858 | D:2      | Reached skill level 1 in Fire Magic
  1984 | D:2      | Reached XP level 4. HP: 36/36 MP: 1/9
  2069 | D:2      | Found a shimmering altar of Xom.
  2788 | D:3      | Found a glowing silver altar of Zin.
  2788 | D:3      | Found a white marble altar of Elyvilon.
  2788 | D:3      | Found a glowing golden altar of the Shining One.
  2799 | D:3      | Found a shadowy altar of Dithmenos.
  2935 | D:3      | Found a white marble altar of Elyvilon.
  3112 | D:3      | Reached XP level 5. HP: 28/42 MP: 1/11
  3580 | D:3      | Reached skill level 4 in Conjurations
  3947 | D:3      | Reached XP level 6. HP: 38/49 MP: 12/12
  3952 | D:3      | Learned a level 3 spell: Mephitic Cloud
  3955 | D:3      | Learned a level 2 spell: Blink
  3979 | D:4      | Got a twisted leather armour
  3990 | D:4      | Identified the +2 leather armour of Untruth {rC+} (You found it on level 4 of the Dungeon)
  4737 | D:3      | Reached XP level 7. HP: 52/55 MP: 9/14
  4910 | D:5      | Entered Level 5 of the Dungeon
  4972 | D:5      | Found a blossoming altar of Fedhas.
  5064 | D:5      | Reached skill level 5 in Fire Magic
  5130 | D:5      | Found a stormy altar of Qazlal.
  5204 | D:5      | Reached skill level 5 in Conjurations
  5889 | D:5      | Reached skill level 6 in Fire Magic
  6331 | D:5      | Reached XP level 8. HP: 62/62 MP: 4/16
  6564 | D:5      | Reached skill level 7 in Fire Magic
  7681 | D:6      | Found a staircase to the Ecumenical Temple.
  7700 | Temple   | Entered the Ecumenical Temple
  7793 | Temple   | Became a worshipper of Vehumet
  7972 | D:6      | Noticed Ijyb
  7982 | D:6      | Killed Ijyb
  8160 | D:6      | Found a snail-covered altar of Cheibriados.
  8595 | D:7      | Reached skill level 8 in Fire Magic
  8763 | D:7      | Learned a level 2 spell: Repel Missiles
  9967 | D:7      | Reached XP level 9. HP: 16/68 MP: 5/17
 10309 | D:7      | Reached skill level 9 in Fire Magic
 10722 | D:7      | Acquired Vehumet's first power
 10722 | D:7      | Offered knowledge of Freeze by Vehumet.
 10786 | D:7      | Found an iron altar of Okawaru.
 11356 | D:8      | Found a sparkling altar of Nemelex Xobeh.
 11797 | D:8      | Reached skill level 10 in Fire Magic
 13065 | D:8      | Reached XP level 10. HP: 56/75 MP: 0/18
 13472 | D:7      | Reached skill level 11 in Fire Magic
 13604 | D:7      | HP: 3/75 [acid (6)]
 15153 | D:9      | Found an opulent altar of Gozag.
 15184 | D:9      | Offered knowledge of Throw Flame by Vehumet.
 15300 | D:9      | Learned a level 2 spell: Throw Flame
 15873 | D:9      | HP: 1/75 [troll (5)]
 16267 | D:9      | Slain by an orc warrior

Action                   |  1- 3 |  4- 6 |  7- 9 | 10-12 || total
-------------------------+-------+-------+-------+-------++-------
Melee: Dagger            |    53 |   111 |   162 |    18 ||   344
       Spear             |       |       |    86 |     9 ||    95
       Long sword        |       |       |       |    13 ||    13
 Cast: Magic Dart        |    28 |    57 |   440 |   136 ||   661
       Call Imp          |     3 |     7 |    56 |    13 ||    79
       Conjure Flame     |     1 |     3 |    12 |     8 ||    24
       Mephitic Cloud    |       |       |     1 |     1 ||     2
       Throw Flame       |       |       |       |    23 ||    23
       Blink             |       |       |       |     2 ||     2
 Abil: Spit Poison       |    10 |    11 |     5 |     5 ||    31
  Use: Scroll            |       |       |       |    16 ||    16
       Potion            |       |       |       |     9 ||     9
 Stab: Sleeping          |     2 |       |       |     1 ||     3
       Distracted        |       |     1 |     1 |       ||     2
  Eat: Chunk             |     4 |     9 |    30 |     8 ||    51
       Fruit             |       |       |     1 |       ||     1
       Meat ration       |       |       |       |     1 ||     1
